 Dungeon Crawl Stone Soup version 0.31-a0-164-g2312942fda (webtiles) character file.

Game seed: 1082415076317981335

53 Moral the Trooper (level 3, -4/33 HPs)
             Began as a Hill Orc Fighter on June 14, 2023.
             Slain by Sigmund
             ... wielding a +0 scythe
              (7 damage)
             ... on level 2 of the Dungeon.
             The game lasted 00:03:01 (1184 turns).

Moral the Trooper (Hill Orc Fighter)                Turns: 1184, Time: 00:03:02

Health: -4/33      AC:  7    Str: 20    XL:     3   Next: 87%
Magic:  3/3        EV:  9    Int:  8    God:
Gold:   61         SH:  4    Dex: 10    Spells: 2/2 levels left

rFire   . . .        a - +0 war axe
rCold   . . .        c - +0 buckler
rNeg    . . .        b - +0 scale mail
rPois   .            (no helmet)
rElec   .            (no cloak)
rCorr   .            (no gloves)
SInv    .            (no boots)
Will    .....        (no amulet) Stlth
                     e - ring of ice
HPRegen 0.25/turn    f - ring of fire
MPRegen 0.08/turn

%: no passive effects
@: no status effects
A: no striking features
a: no special abilities


You were on level 2 of the Dungeon.
You visited 1 branch of the dungeon, and saw 2 of its levels.

You collected 61 gold pieces.

Inventory:

Hand Weapons
 a - a +0 war axe (weapon)
Armour
 b - a +0 scale mail (worn)
 c - a +0 buckler (worn)
 j - a +0 cloak
Jewellery
 e - a ring of ice (left hand)
 f - a ring of fire (right hand)
 m - a +6 ring of intelligence
Wands
 k - a wand of charming (6)
Potions
 d - a potion of might
 g - a potion of curing
 l - 2 potions of enlightenment {unknown}


   Skills:
 + Level 4.1 Fighting
 * Level 3.9 Axes
 + Level 3.7 Armour
 + Level 3.7 Shields


You had 2 spell levels left.
You didn't know any spells.
Your spell library was empty.

Dungeon Overview and Level Annotations

Branches:
Dungeon (2/15)

Altars:

Shops:
D:2 [

Annotations:
D:2 Sigmund


Message History

Reactivating autopickup.
There is a stone staircase leading down here.
Your library has no spells.
You start resting.
HP restored.
You start waiting.
You start waiting.
Done waiting.
You start waiting.
Done waiting.
You climb downwards.
Level annotation: Sigmund
There is a stone staircase leading up here.
You slash the worm!
The worm is severely wounded.
The worm bites you but does no damage.
You slash the worm!
You kill the worm!
You see here a worm corpse.
Sigmund is nearby!
Sigmund is nearby!
Sigmund is nearby!
Sigmund casts a spell at you. The magic dart hits you!
Sigmund casts a spell at you.
You are confused.
You bump into the rock wall.
Sigmund hits you with a +0 scythe.
You bump into the rock wall.
Sigmund attacks as you move away! Sigmund hits you with a +0 scythe!
Sigmund closely misses you.
You bump into the rock wall.
You bump into the rock wall.
Sigmund mumbles some strange words.
Sigmund flickers and vanishes!
Deactivating autopickup; reactivate with Ctrl-A.
You bump into the rock wall.
Something hits you!
* * * LOW HITPOINT WARNING * * *
You feel less confused. Something hits you!
You die...

#.####
#b##.....####...###..
#.=..# #.#####†##
#......!. ####.###b#
#.#####........ #.....#
#.b.bb#........ #..####
#####.#........ #..#
#.#.w.[.... #..#
#b#..{.....
#..############.#........
#.......@{.........#.r...
#.#############.####..###
#.# ##### #.####..#
#########†#
###...###.......#
........<.#
#......#.........
###########
#.###).†.......... #.#
#...........#
#.###>###........ #.....#
#........


There were no monsters in sight!

Vanquished Creatures
  An adder (D:2)
  2 worms (D:2)
  A dart slug (D:2)
  2 endoplasms (D:1)
  3 goblins (D:1)
  2 hobgoblins (D:1)
  3 jackals (D:1)
  7 ball pythons
  4 bats
  2 frilled lizards (D:1)
  6 kobolds
  3 rats
36 creatures vanquished.

Notes
Turn   | Place    | Note
-------+----------+-------------------------------------------
     0 | D:1      | Moral the Hill Orc Fighter began the quest for the Orb.
     0 | D:1      | Reached XP level 1. HP: 19/19 MP: 1/1
    93 | D:1      | Reached XP level 2. HP: 24/27 MP: 2/2
   333 | D:1      | Reached XP level 3. HP: 33/33 MP: 3/3
   446 | D:2      | Reached skill level 4 in Fighting
   578 | D:2      | Found Cuaddothre's Armour Boutique.
   732 | D:2      | Noticed Sigmund
  1184 | D:2      | Slain by Sigmund

Illustrated notes

Levels and vault maps discovered:
D:1:      dpeg_arrival_tiny_i, layout_basic, dreamdust_princess_corridor,
          st_stairs_2
D:2:      layout_loops_ring, serial_shops, shop_statue, uniq_sigmund

Skill      XL: |  1  2  3 |
---------------+----------+-----
Axes           | 3 |  3.9
Fighting       | 4 |  4.1
Armour         | |  3.7
Shields        | |  3.7

Action                     || total
---------------------------++-------
  Melee: War axe           ||    69
    Use: Scroll            ||     3
 Armour: Scale mail        ||    48
  Dodge: Dodged            ||    52
  Block: Buckler           ||    21

Table legend: (Time is in decaauts)
 A = Elapsed time spent in this place.
 B = Non-inter-level travel time spent in this place.
 C = Inter-level travel time spent in this place.
 D = Time resting spent in this place.
 E = Time spent auto-exploring this place.
 F = Levels seen in this place.
 G = Mean time per level.
                   A        B        C        D        E       F      G
               +--------+--------+--------+--------+--------+-----+--------+
         Total |   1208 |   1208 |      0 |    379 |    513 |   2 |  604.0 |
       Dungeon |   1208 |   1208 |      0 |    379 |    513 |   2 |  604.0 |
               +--------+--------+--------+--------+--------+-----+--------+

Top non-repeatable levels by time:
     D:1: 813 daAuts
     D:2: 395 daAuts
